 Seeded DCSS version 0.29.1-12-g30fa7ad0bf (webtiles) character file.

Game seed: 8067774122993711936 (custom seed)

4597 kingsuperguy the Basher (level 10, -2/135 HPs)
             Began as a Minotaur Berserker on Dec 17, 2022.
             Was a High Priest of Trog.
             Slain by a quicksilver ooze (shapeshifter) (16 damage)
             ... on level 7 of the Dungeon.
             The game lasted 00:11:38 (9948 turns).

kingsuperguy the Basher (Minotaur Berserker)        Turns: 9948, Time: 00:11:39

Health: -2/135     AC: 25    Str: 32    XL:     10   Next: 19%
Magic:  1/9        EV:  2    Int:  1    God:    Trog [*****.]
Gold:   328        SH:  0    Dex: 10    Spells: 9/9 levels left

rFire   . . .      SeeInvis .   Q - +1 battleaxe (vorpal)
rCold   + . .      Faith    .   (shield currently unavailable)
rNeg    . . .      Spirit   .   (body armour currently unavailable)
rPois   +          Reflect  .   (helmet currently unavailable)
rElec   .          Harm     .   (cloak currently unavailable)
rCorr   +          Rampage  .   (gloves currently unavailable)
Will    .....      NoTele   +   (boots currently unavailable)
Stlth   +.........              y - amulet of Boguxt {RegenMP rC+ Str+2 Int-5}
HPRegen 0.32/turn               l - +6 ring of strength
MPRegen 0.51/turn               j - ring of resist corrosion

@: tree-form, engulfed
A: stationary, stasis, torment immunity, boosted hp, (horns 2), (retaliatory
headbutt)
a: Renounce Religion, Berserk, Trog's Hand, Brothers in Arms


You were on level 7 of the Dungeon.
You worshipped Trog.
Trog was extremely pleased with you.
You were a tree.
You visited 1 branch of the dungeon, and saw 9 of its levels.
You also visited: Ossuary.

You collected 445 gold pieces.
You spent 117 gold pieces at shops.

Inventory:

Hand Weapons
 a - a +0 mace
 k - a +0 flail of draining
 E - a +0 dire flail
 Q - a +1 vorpal battleaxe (weapon)
Missiles
 g - 4 javelins (quivered)
 J - 4 atropa-tipped darts
Armour
 b - a +0 animal skin
 c - a +0 ring mail
 u - a +0 pair of boots (melded)
 B - a +1 crystal plate armour (melded)
 H - a +0 pair of gloves (melded)
Jewellery
 f - an amulet of magic regeneration
 j - a ring of resist corrosion (right branch)
 l - a +6 ring of strength (left branch)
 y - the amulet of Boguxt (around neck) {RegenMP rC+ Str+2 Int-5}
   (You found it on level 4 of the Dungeon)

   [amulet of magic regeneration]

   It increases your rate of magic regeneration.
   Str:       It affects your strength (+2).
   Int:       It affects your intelligence (-5).
   rC:        It protects you from cold.
 A - a ring of protection from fire
Wands
 I - a wand of iceblast (7)
 L - a wand of paralysis (17)
 M - a wand of flame (12)
Scrolls
 h - 3 scrolls of enchant armour {unknown}
 q - 3 scrolls of noise
 r - a scroll of poison {unknown}
 v - 5 scrolls of identify {unknown}
 z - 2 scrolls of teleportation {unknown}
 D - a scroll of magic mapping {unknown}
 F - a scroll of immolation {unknown}
 G - a scroll of fear {unknown}
 N - a scroll of amnesia {unknown}
 O - a scroll of vulnerability {unknown}
Potions
 d - a potion of invisibility {unknown}
 e - 4 potions of mutation {unknown}
 i - 2 potions of brilliance {unknown}
 m - a potion of degeneration {unknown}
 n - a potion of might
 o - 3 potions of cancellation {unknown}
 p - 4 potions of heal wounds {unknown}
 s - 2 potions of curing
 t - 3 potions of lignification
 w - 3 potions of berserk rage {unknown}
 x - 3 potions of attraction {unknown}
 C - 3 potions of magic {unknown}
 K - a potion of haste
 P - a potion of ambrosia {unknown}


   Skills:
 + Level 8.7 Fighting
 + Level 1.8(8.1) Axes
 + Level 12.3(12.4) Maces & Flails
 + Level 9.4 Armour
 + Level 5.1 Dodging
 + Level 1.1 Stealth


You had 9 spell levels left.
You didn't know any spells.
Your spell library was empty.

Dungeon Overview and Level Annotations

Branches:
Dungeon (9/15)             Temple (0/1) D:5         Ossuary (visited)
   Lair: D:8-11         Orc: D:9-12

Altars:
Dithmenos
Elyvilon
Nemelex Xobeh
Sif Muna
Wu Jian
The Shining One
Lugonu

Shops:
D:1 [   D:2 (   D:3 !   D:4 :   D:7 =


Innate Abilities, Weirdness & Mutations

You are a tree.
Your roots penetrate the ground, keeping you stationary.
You cannot be teleported.
You are immune to unholy pain and torment.
Your maximum health is greatly increased.
Your equipment is partially melded.
((You have a pair of horns on your head.))
((You reflexively headbutt those who attack you in melee.))


Message History

You hit the green ugly thing.
Your lungs strain for air!
The quicksilver ooze hits you.
The quicksilver ooze hits you but does no damage.
The green ugly thing closely misses you.
You furiously retaliate!
You headbutt the green ugly thing! The quicksilver ooze hits you!
The quicksilver ooze hits you but does no damage.
The green ugly thing tail-slaps you.
You slice the quicksilver ooze!!
Your headbutt misses the quicksilver ooze.
The quicksilver ooze is heavily wounded.
You slash the green ugly thing!
* * * LOW HITPOINT WARNING * * *
Your lungs strain for air!
The quicksilver ooze hits you!
* * * LOW HITPOINT WARNING * * *
The quicksilver ooze hits you but does no damage.
The quicksilver ooze hits you.
The quicksilver ooze hits you but does no damage.
The green ugly thing tail-slaps you but does no damage.
You cannot call out to Trog while unable to breathe.
Really quaff the potion of lignification?
You turn into a tree.
Your +0 pair of gloves melds into your body.
Your +0 pair of boots melds into your body.
Your +1 crystal plate armour melds into your body.
Your roots penetrate the ground.
The quicksilver ooze hits you. x2
* * * LOW HITPOINT WARNING * * *
You feel your power leaking away.
The green ugly thing tail-slaps you but does no damage.
The quicksilver ooze hits you!
* * * LOW HITPOINT WARNING * * *
The quicksilver ooze hits you but does no damage.
You feel better. The quicksilver ooze hits you. The quicksilver ooze hits you!
* * * LOW HITPOINT WARNING * * *
The green ugly thing tail-slaps you.
* * * LOW HITPOINT WARNING * * *
You feel better. The quicksilver ooze hits you!
You die...

#># #....# #..#..###.##.
########.#### #[.#.##......
#.. #...##.©###..#.##....##
".#####.##...#...#.##...##
....#####..#.##.##.##<..#
####...###..x####..#.#..#.#
#.###......u###.##...#..#.# #
##...##....x##u..........#.# #
#....©#.._.x#♣J..........#.# #
#....##.....##...........#.###
#..###.......###...........##.
#.###...###...###........####.
#.#!...##.##..#!#........###..
#.#$..##...###..#.............
#.##..##..###..##.............
#..####.....####..............
##..........##................


You could see 2 ugly things, a quicksilver ooze and 3 small abominations.

Vanquished Creatures
  An ugly thing (D:7)
  An ancient zyme (D:7)
  A wyvern (D:7)
  3 yaks (D:8)
  A steam dragon (D:6)
  Duvessa (D:5)
  2 small abominations (D:7)
  2 black bears (D:6)
  4 orc warriors (D:6)
  2 sky beasts
  2 centaurs
  A phantom (D:5)
  3 kobold brigands
  2 scorpions (D:5)
  2 necrophages
  A bullfrog (D:8)
  3 wights (D:8)
  Dowan (D:5)
  3 killer bees (D:7)
  3 centaur zombies (Ossuary)
  A human zombie (Ossuary)
  3 hounds
  3 gnoll boudas
  7 orc priests
  7 orc wizards
  5 iguanas
  2 mummies (Ossuary)
  8 gnolls
  6 adders
  A shadow imp (D:5)
  3 white imps
  An adder zombie (Ossuary)
  3 dart slugs
  32 orcs
  2 bats
  8 endoplasms
  4 giant cockroaches
  6 hobgoblins
  4 jackals (D:2)
  A quokka (D:1)
  8 ball pythons
  6 frilled lizards
  8 goblins
  A goblin zombie (Ossuary)
  8 hobgoblin zombies (Ossuary)
  2 jackal zombies (Ossuary)
  20 kobolds
  11 kobold zombies (Ossuary)
  8 orc zombies (Ossuary)
  5 rats
  2 rat zombies (Ossuary)
225 creatures vanquished.

Notes
Turn   | Place    | Note
-------+----------+-------------------------------------------
     0 | D:1      | kingsuperguy the Minotaur Berserker began the quest for the
                  | Orb.
     0 | D:1      | Reached XP level 1. HP: 19/19 MP: 0/0
   117 | D:1      | Found Woicy's Armour Shop.
   261 | D:1      | Reached XP level 2. HP: 27/27 MP: 1/1
   330 | D:1      | Reached skill level 4 in Maces & Flails
   337 | D:1      | Found a faded altar of an unknown god.
  1063 | D:2      | Reached XP level 3. HP: 33/33 MP: 2/2
  1073 | D:2      | Reached XP level 4. HP: 41/41 MP: 3/3
  1285 | D:2      | Found Nuobymm's Weapon Emporium.
  1364 | D:2      | Reached ** piety under Trog
  1644 | D:2      | Noticed a necrophage
  1653 | D:2      | Killed a necrophage
  1654 | D:2      | Reached skill level 5 in Maces & Flails
  1654 | D:2      | Reached XP level 5. HP: 40/47 MP: 4/4
  2297 | D:3      | Reached skill level 5 in Fighting
  2678 | D:3      | Found Nyuxt's Magic Scroll Emporium.
  2804 | D:3      | Found Corcheubo's Distillery.
  2811 | D:3      | Bought a potion of curing for 39 gold pieces
  2811 | D:3      | Bought 2 potions of lignification for 78 gold pieces
  3016 | D:4      | Reached skill level 6 in Maces & Flails
  3016 | D:4      | Reached XP level 6. HP: 56/56 MP: 5/5
  3314 | D:4      | Reached *** piety under Trog
  3366 | D:4      | Identified the amulet of Boguxt {RegenMP rC+ Str+2 Int-5}
  3483 | D:4      | Found Kofachub's Tremendous Tomes.
  3565 | D:4      | Found an ornate altar of the Wu Jian Council.
  3566 | D:4      | Found a shimmering blue altar of Sif Muna.
  3637 | D:5      | Entered Level 5 of the Dungeon
  3793 | D:5      | Reached XP level 7. HP: 29/61 MP: 6/6
  4059 | D:5      | Found a shadowy altar of Dithmenos.
  4074 | D:5      | Reached skill level 5 in Armour
  4203 | D:5      | Reached skill level 7 in Maces & Flails
  4388 | D:5      | Noticed Duvessa
  4388 | D:5      | Noticed Dowan
  4399 | D:5      | Killed Dowan
  4403 | D:5      | Killed Duvessa
  4768 | D:5      | Reached XP level 8. HP: 56/70 MP: 7/7
  4971 | D:5      | Found a staircase to the Ecumenical Temple.
  5118 | D:6      | Reached skill level 8 in Maces & Flails
  5135 | D:6      | Reached skill level 5 in Dodging
  5145 | D:6      | Reached skill level 1 in Stealth
  5460 | D:6      | Found a white marble altar of Elyvilon.
  5539 | D:6      | Reached skill level 9 in Maces & Flails
  6300 | D:6      | Reached XP level 9. HP: 66/78 MP: 8/8
  6936 | D:7      | Noticed an ancient zyme
  6944 | D:7      | Found Posuph's One-of-a-Kind Rings.
  6990 | D:7      | Found a transporter.
  6991 | D:7      | Noticed a purple ugly thing
  6991 | D:7      | Noticed a salamander
  6992 | D:7      | Found a corrupted altar of Lugonu.
  6992 | D:7      | Noticed a green ugly thing
  6992 | D:7      | Noticed a cyan ugly thing
  7030 | D:7      | Reached skill level 10 in Maces & Flails
  7047 | D:7      | Reached **** piety under Trog
  7625 | D:8      | Found a sand-covered staircase.
  7630 | Ossuary  | Entered an ossuary
  8178 | D:8      | Reached skill level 11 in Maces & Flails
  8208 | D:8      | Reached ***** piety under Trog
  8333 | D:8      | Reached skill level 12 in Maces & Flails
  8458 | D:8      | Found a sparkling altar of Nemelex Xobeh.
  8548 | D:8      | Found a glowing golden altar of the Shining One.
  9175 | D:7      | Found a transporter.
  9209 | D:7      | Noticed a deep troll
  9209 | D:7      | a redback changed into a deep troll
  9219 | D:7      | Received a gift from Trog
  9220 | D:7      | Reached XP level 10. HP: 37/90 MP: 9/9
  9230 | D:7      | Noticed a wolf spider
  9230 | D:7      | a deep troll changed into a wolf spider
  9233 | D:7      | Noticed a goliath frog
  9233 | D:7      | a wolf spider changed into a goliath frog
  9235 | D:7      | Noticed an ettin
  9235 | D:7      | a goliath frog changed into an ettin
  9272 | D:7      | Noticed an anaconda
  9272 | D:7      | an ettin changed into an anaconda
  9419 | D:7      | an anaconda changed into a tyrant leech
  9429 | D:7      | Noticed a radroach
  9429 | D:7      | a tyrant leech changed into a radroach
  9434 | D:7      | a radroach changed into a slime creature
  9436 | D:7      | Noticed a shock serpent
  9436 | D:7      | a slime creature changed into a shock serpent
  9446 | D:7      | Noticed an orb spider
  9446 | D:7      | a shock serpent changed into an orb spider
  9450 | D:7      | Noticed a death drake
  9450 | D:7      | an orb spider changed into a death drake
  9482 | D:7      | a death drake changed into a yaktaur
  9490 | D:7      | Noticed a cyclops
  9490 | D:7      | a yaktaur changed into a cyclops
  9492 | D:7      | Noticed an ice dragon
  9492 | D:7      | a cyclops changed into an ice dragon
  9530 | D:7      | Noticed an ettin
  9532 | D:7      | an ettin changed into a tyrant leech
  9559 | D:7      | Killed a green ugly thing
  9560 | D:7      | Reached skill level 1 in Axes
  9762 | D:7      | Noticed an entropy weaver
  9883 | D:7      | Noticed an eight-headed hydra
  9925 | D:7      | Noticed a quicksilver ooze
  9947 | D:7      | HP: 6/135 [green ugly thing (3)]
  9948 | D:7      | Slain by a quicksilver ooze (shapeshifter)

Illustrated notes

Levels and vault maps discovered:
D:1:      eino_arrival_tree_alley, layout_basic,
          hellmonk_ecumenical_altar_inner_sanctum, serial_shops,
          nicolae_shop_hallway_stairs
D:2:      layout_basic, serial_shops, nicolae_shop_bloodbath_and_beyond
D:3:      layout_rooms, serial_shops, nicolae_shop_crystal, shop_scrolls
D:4:      layout_cave_pools, gammafunk_temple_overflow_statue,
          nicolae_shop_i_like_big_books
D:5:      layout_gridville, nicolae_overflow_hidden_temple,
          minmay_temple_entry_enclosed_plants, corner_web_ring,
          minmay_checkerbox, uniq_duvessa
D:6:      layout_basic, minmay_ruined_shrine
D:7:      gammafunk_corrupted_shrine, layout_rooms, nicolae_shop_unique_rings
D:8:      layout_cave_pools, nemelex_spade_bored_becter,
          mainiacjoe_overflow_24_doors, nicolae_ossuary_entry_plus,
          minmay_misc_feat_square
D:9:      minmay_statue_hallways, layout_cave_pools, marbit_many_paths,
          mainiacjoe_overflow_small_starburst, lemuel_tele_altar,
          bloody_makhleb, chequers_temple_overflow_minitemple,
          ebering_ghost_funeral_grove, hangedman_glass_teeth,
          nicolae_shop_clearance

Skill      XL: |  1  2  3  4  5  6  7  8  9 10 |
---------------+-------------------------------+-----
Fighting       | 4 5 6 8 |  8.7
Maces & Flails | 4 5 6 7 9 12 | 12.3
Armour         | 3 4 6 7 8 9 |  9.4
Dodging        | 3 4 5 |  5.1
Stealth        | 1 |  1.1
Axes           | 1 |  1.8

Action                   |  1- 3 |  4- 6 |  7- 9 | 10-12 || total
-------------------------+-------+-------+-------+-------++-------
Melee: Mace              |    52 |       |       |       ||    52
       Headbutt          |     3 |    16 |    56 |     3 ||    78
       Flail             |       |   114 |   106 |       ||   220
       Punch             |       |     3 |     1 |       ||     4
       Dire flail        |       |       |   257 |     2 ||   259
       Battleaxe         |       |       |       |    11 ||    11
Invok: Berserk           |     1 |     1 |     4 |     1 ||     7
  Use: Scroll            |       |       |     1 |       ||     1
       Potion            |       |       |       |     3 ||     3
Armor: Animal skin       |     3 |       |       |       ||     3
       Ring mail         |     9 |    53 |    18 |       ||    80
       Crystal plate arm |       |       |   270 |    38 ||   308
       Skin              |       |       |       |     4 ||     4
Dodge: Dodged            |    25 |    77 |   144 |    13 ||   259
